 Seeded DCSS version 0.29.1-15-g9cfb28693d (webtiles) character file.

Game seed: 1 (custom seed)

854 Kazon the Trooper (level 8, -5/87 HPs)
             Began as an Ogre Fighter on Mar 29, 2023.
             Slain by a sky beast (6 damage)
             ... on level 5 of the Dungeon.
             The game lasted 00:15:09 (2999 turns).

Kazon the Trooper (Ogre Fighter)                    Turns: 2999, Time: 00:15:10

Health: -5/87      AC:  5    Str: 21    XL:     8   Next: 1%
Magic:  8/8        EV: 10    Int:  5    God:
Gold:   324        SH:  8    Dex: 10    Spells: 7/7 levels left

rFire   x . .      SeeInvis .   e - +2 dagger (venom)
rCold   . . .      Faith    .   c - +0 kite shield
rNeg    + . .      Spirit   .   k - +0 robe
rPois   .          Reflect  .   (helmet restricted)
rElec   .          Harm     .   f - +1 cloak of Snakes and Ladders {rF- Regen+ Int-4 Stlth+}
rCorr   .          Rampage  .   (gloves unavailable)
Will    .....                   (boots unavailable)
Stlth   +++.......              g - amulet of the acrobat
HPRegen 1.04/turn               q - ring of positive energy
MPRegen 0.11/turn               (no ring)

@: no status effects
A: large, unfitting armour, tough skin 1
a: no special abilities


You were on level 5 of the Dungeon.
You visited 1 branch of the dungeon, and saw 5 of its levels.

You collected 324 gold pieces.

Inventory:

Hand Weapons
 e - a +2 dagger of venom (weapon)
Missiles
 j - 14 stones
 n - 5 boomerangs (quivered)
 x - 2 curare-tipped darts
Armour
 c - a +0 kite shield (worn)
 f - the +1 cloak of Snakes and Ladders (worn) {rF- Regen+ Int-4 Stlth+}
   (You acquired it on level 1 of the Dungeon)

   Int:       It affects your intelligence (-4).
   rF:        It makes you vulnerable to fire.
   Regen:     It increases your rate of health regeneration.
   Stlth:     It makes you more stealthy.
 k - a +0 robe (worn)
Jewellery
 g - an amulet of the acrobat (around neck)
 q - a ring of positive energy (left hand)
Wands
 w - a wand of mindburst (18)
Scrolls
 l - a scroll of immolation {unknown}
 m - a scroll of fog {unknown}
 o - 9 scrolls of identify {unknown}
 p - a scroll of poison {unknown}
 r - a scroll of teleportation {unknown}
 t - a scroll of noise {unknown}
 u - a scroll of magic mapping {unknown}
Potions
 a - a potion of ambrosia {unknown}
 b - 2 potions of haste {unknown}
 d - a potion of might
 h - a potion of flight {unknown}
 i - a potion of attraction {unknown}
 s - a potion of berserk rage
 v - a potion of lignification {unknown}


   Skills:
 + Level 7.2 Fighting
 + Level 4.6(5.6) Short Blades
 + Level 5.0(5.9) Long Blades
 + Level 4.0 Throwing
 + Level 3.3 Armour
 + Level 5.4 Dodging
 + Level 3.9 Stealth
 + Level 5.6 Shields
 * Level 0.9 Evocations


You had 7 spell levels left.
You didn't know any spells.
Your spell library contained the following spells:

 Spells                   Type           Power      Damage    Failure   Level
 Apportation              Tloc           0%         N/A       75%         1
 Necrotise                Necr           0%         1d4       75%         1
 Sting                    Tmut/Pois      0%         1d3       75%         1
 Summon Small Mammal      Summ           0%         N/A       75%         1
 Poisonous Vapours        Pois/Air       0%         N/A       86%         2
 Olgreb's Toxic Radiance  Pois           0%         N/A       100%        4
 Fireball                 Conj/Fire      0%         3d3       100%        5
 Iskenderun's Battlesphe  Conj           0%         2d6       100%        5
 Conjure Ball Lightning   Conj/Air       0%         3x3d6     100%        6
 Orb of Destruction       Conj           0%         9d5       100%        7


Dungeon Overview and Level Annotations

Branches:
Dungeon (5/15)
 Temple: D:4-7

Altars:
Hepliaklqana

Shops:
D:3 (


Innate Abilities, Weirdness & Mutations

You are too large for most types of armour.
You have tough skin. (AC +1)


Message History

The iguana is moderately wounded.
The bat closely misses you. The river rat bites you. The rat barely misses you.
The sky beast hits you but does no damage.
The iguana bites you!
Eustachio casts a spell.
Eustachio blinks!
You completely miss the iguana.
The iguana is severely wounded.
The rat disappears in a puff of smoke!
The white imp disappears in a puff of smoke!
The bat disappears in a puff of smoke!
The river rat disappears in a puff of smoke!
You feel a bit more experienced.
The sky beast hits you but does no damage.
You block the iguana's attack.
You have reached level 8!
You hit the sky beast.
The sky beast is poisoned.
The sky beast is lightly wounded.
The sky beast hits you but does no damage.
The iguana bites you!
* * * LOW HITPOINT WARNING * * *
You closely miss the sky beast.
The sky beast is lightly wounded.
The sky beast flickers out of sight!
Deactivating autopickup; reactivate with Ctrl-A.
Something hits you but does no damage. The iguana closely misses you.
You closely miss something. You closely miss something. Something hits you.
* * * LOW HITPOINT WARNING * * *
Something shocks you.
* * * LOW HITPOINT WARNING * * *
The iguana bites you!
* * * LOW HITPOINT WARNING * * *
Unknown command.
You hit the iguana but do no damage.
The iguana is almost dead.
You block the iguana's attack. Something hits you.
* * * LOW HITPOINT WARNING * * *
Something shocks you.
You die...

######......#
#####..## ##..#
#..# ##.#######
.. #..##...##
#..[ ##.##....##
...# #..#.....#
#..#
##.#@l...##..#
#.{#....#..#
#..#...#...#
##........##
#..#.....##
.......#####..##
..!.... ##..#
.Y....# #..##
...... ##.)#


You could see an iguana (very poisoned).

Vanquished Creatures
  Eustachio (D:5)
  A centaur (D:5)
  3 scorpions (D:4)
  A hound (D:4)
  An orc priest (D:3)
  An iguana (D:4)
  Robin (D:3)
  6 gnolls
  6 adders
  An ufetubus (D:5)
  3 worms
  5 orcs
  11 endoplasms
  A giant cockroach (D:1)
  16 goblins
  9 hobgoblins
  A jackal (D:4)
  4 kobolds
  A quokka (D:1)
  5 ball pythons
  4 bats
  3 frilled lizards
  6 rats
91 creatures vanquished.

Notes
Turn   | Place    | Note
-------+----------+-------------------------------------------
     0 | D:1      | Kazon the Ogre Fighter began the quest for the Orb.
     0 | D:1      | Reached XP level 1. HP: 24/24 MP: 1/1
    42 | D:1      | Identified a scroll of acquirement
    42 | D:1      | Acquired the +1 cloak of Snakes and Ladders {rF- Regen+
                  | Int-4 Stlth+}
   161 | D:1      | Reached XP level 2. HP: 27/32 MP: 2/2
   662 | D:2      | Reached XP level 3. HP: 38/39 MP: 3/3
   988 | D:2      | HP: 1/39 [poisoned by a kobold]
  1062 | D:2      | Reached XP level 4. HP: 43/48 MP: 4/4
  1119 | D:2      | Reached skill level 1 in Stealth
  1299 | D:3      | Found Umat's Antique Weapon Boutique.
  1483 | D:3      | Noticed Robin
  1497 | D:3      | Killed Robin
  1498 | D:3      | Reached XP level 5. HP: 42/52 MP: 5/5
  1551 | D:3      | Reached skill level 1 in Short Blades
  1789 | D:3      | Reached skill level 6 in Fighting
  1789 | D:3      | Reached skill level 5 in Long Blades
  1789 | D:3      | Reached skill level 5 in Dodging
  1789 | D:3      | Reached skill level 5 in Shields
  1789 | D:3      | Reached XP level 6. HP: 68/68 MP: 6/6
  2039 | D:4      | Reached skill level 7 in Fighting
  2059 | D:4      | Reached XP level 7. HP: 78/78 MP: 7/7
  2550 | D:4      | Found a hazy altar of Hepliaklqana.
  2875 | D:5      | Entered Level 5 of the Dungeon
  2971 | D:5      | Noticed Eustachio
  2994 | D:5      | Killed Eustachio
  2995 | D:5      | Reached XP level 8. HP: 30/87 MP: 8/8
  2998 | D:5      | HP: 1/87 [iguana (10)]
  2999 | D:5      | Slain by a sky beast

Illustrated notes

Levels and vault maps discovered:
D:1:      dpeg_arrival_three_smaller_balls, layout_basic
D:2:      layout_loops_ring
D:3:      layout_basic, serial_shops, nicolae_shop_stone, st_stairs_9,
          minmay_misc_feat_doors, eino_curves_03, uniq_robin
D:4:      minmay_wonky_spiral, layout_basic,
          mainiacjoe_overflow_surrounded_room, minivault_5
D:5:      layout_cave_pods, uniq_menkaure, uniq_eustachio

Skill      XL: |  1  2  3  4  5  6  7 |
---------------+----------------------+-----
Long Blades    | 2 3 5 |  5.0
Dodging        | 3 5 |  5.4
Stealth        | 1 3 |  3.9
Short Blades   | 4 |  4.6
Fighting       | 6 7 |  7.2
Throwing       | 3 4 |  4.0
Armour         | 3 |  3.3
Shields        | 5 |  5.6
Evocations     | |  0.9

Action                   |  1- 3 |  4- 6 |  7- 9 || total
-------------------------+-------+-------+-------++-------
Melee: Long sword        |   123 |       |       ||   123
       Dagger            |     9 |   118 |    87 ||   214
 Fire: Sling             |       |     1 |       ||     1
Throw: Stone             |     3 |    13 |    11 ||    27
       Boomerang         |       |       |     1 ||     1
Evoke: Wand              |       |       |     2 ||     2
  Use: Scroll            |     1 |       |       ||     1
       Potion            |     1 |     1 |       ||     2
 Stab: Sleeping          |     6 |     5 |     4 ||    15
       Distracted        |       |       |     1 ||     1
Armor: Robe              |    57 |    25 |    17 ||    99
Dodge: Dodged            |    48 |    51 |    35 ||   134
Block: Kite shield       |    51 |    33 |    39 ||   123
